 Dungeon Crawl Stone Soup version 0.23.2-40-g277498a001 (webtiles) character file.

Game seed: 11486146985382920476

425 Kikorro the Shield-Bearer (level 6, -1/53 HPs)
             Began as a Draconian Fighter on Sept 7, 2019.
             Was an Initiate of the Shining One.
             Slain by a hippogriff (5 damage)
             ... on level 4 of the Dungeon.
             The game lasted 00:11:16 (3907 turns).

Kikorro the Shield-Bearer (Draconian Fighter)       Turns: 3907, Time: 00:11:19

Health: -1/53      AC: 10    Str: 20    XL:     6   Next: 64%
Magic:  6/6        EV: 11    Int:  8    God:    the Shining One [......]
Gold:   297        SH:  9    Dex: 11    Spells: 5/5 levels left

rFire    . . .     SeeInvis .   a - +0 long sword
rCold    . . .     Gourm    .   b - +0 shield
rNeg     . . .     Faith    .   (armour unavailable)
rPois    .         Spirit   .   (helmet restricted)
rElec    .         Reflect  .   e - +0 cloak
rCorr    .         Harm     .   (no gloves)
MR       .....                  (no boots)
Stlth    +.........             (no amulet)
HPRegen  0.17/turn              k - +3 ring of protection
MPRegen  0.10/turn              v - ring of flight

@: glowing
A: unfitting armour, cold-blooded, AC +6
a: Renounce Religion, Evoke Flight


You were on level 4 of the Dungeon.
You worshipped the Shining One.
The Shining One was noncommittal.
You were not hungry.

You visited 2 branches of the dungeon, and saw 6 of its levels.

You collected 297 gold pieces.

Inventory:

Hand Weapons
 a - a +0 long sword (weapon)
Armour
 b - a +0 shield (worn)
 e - a +0 cloak (worn)
Jewellery
 k - a +3 ring of protection (left hand)
 p - an uncursed ring of resist corrosion
 v - a ring of flight (right hand)
Wands
 r - a wand of iceblast (7)
Scrolls
 g - a scroll of blinking {unknown}
 h - a scroll of teleportation
 i - a scroll of fog
 j - a scroll of magic mapping {unknown}
 l - a scroll of remove curse
 n - 5 scrolls of enchant armour
Potions
 c - a potion of might
 m - a potion of berserk rage
 o - 3 potions of haste
 q - a potion of brilliance
 s - a potion of degeneration {unknown}
 u - a potion of heal wounds
Comestibles
 d - 14 rations


   Skills:
 + Level 4.5 Fighting
 + Level 4.2 Long Blades
 + Level 3.9 Dodging
 - Level 1.2 Stealth
 + Level 4.6 Shields


You had 5 spell levels left.
You didn't know any spells.
Your spell library contained the following spells:

 Spells                   Type           Power        Failure   Level  Hunger
 Beastly Appendage        Tmut           #.....       86%         1    ##.....
 Sticks to Snakes         Tmut           #.......     94%         2    ###....
 Spider Form              Tmut/Pois      #.........   99%         3    ####...
 Ice Form                 Ice/Tmut       #.......     100%        4    #####..
 Blade Hands              Tmut           #.........   100%        5    ######.


Dungeon Overview and Level Annotations

Branches:
Dungeon (5/15)             Temple (1/1) D:4

Altars:
Ashenzari
Cheibriados
Fedhas
Kikubaaqudgha
Makhleb
Nemelex Xobeh
Okawaru
Qazlal
Trog
Uskayaw
Vehumet
Wu Jian
Xom
Zin
The Shining One


Innate Abilities, Weirdness & Mutations

Your plain brown scales are hard. (AC +6)
You cannot fit into any form of body armour.
You are cold-blooded and may be slowed by cold attacks.


Message History

You are too injured to fight recklessly!
You are too injured to fight recklessly!
You are too injured to fight recklessly!
You hit the hippogriff.
The hippogriff is heavily wounded.
The hippogriff bites you. You block the hippogriff's attack.
The hippogriff claws you.
You slash the hippogriff! You tail-slap the hippogriff.
The hippogriff is almost dead.
You block the hippogriff's attack. The hippogriff misses you.
The hippogriff claws you.
* * * LOW HITPOINT WARNING * * *
You barely miss the hippogriff.
The hippogriff is almost dead.
The hippogriff bites you!
* * * LOW HITPOINT WARNING * * *
The hippogriff barely misses you.
The hippogriff claws you but does no damage.
You block the hippogriff's attack. The hippogriff pecks you.
You die...

#.....# #.###.# #.###.###
##.......# ####### ###......#.#
#.....##### #....##....####
#.....#...# #....#........#
#.....#...#
#######....##.#####.###.....#...#
#...............@...............+
#.###########..H....###.....#).[#
#.# #....#+##.##.# #.....###.#
#.# #.........######..........
#.# ##.........................
#.# #..........###.#####.......
#.# #..........# #.#...........
#.#####..........# #.#.##........
#.#..............###.#.##........


You could see a hippogriff.

Vanquished Creatures
  A sky beast (D:4)
  A hound (D:4)
  2 orc wizards (D:4)
  An orc priest (D:4)
  An iguana (D:4)
  2 worker ants (D:4)
  6 adders
  4 oozes
  2 worms
  2 dart slugs
  A leopard gecko (D:1)
  8 orcs
  A giant cockroach (D:4)
  4 goblins
  2 hobgoblins
  8 jackals
  5 kobolds
  2 quokkas (D:3)
  4 bats (D:1)
  4 frilled lizards
  7 rats
68 creatures vanquished.

Notes
Turn   | Place    | Note
-------+----------+-------------------------------------------
     0 | D:1      | Kikorro the Draconian Fighter began the quest for the Orb.
     0 | D:1      | Reached XP level 1. HP: 19/19 MP: 1/1
   126 | D:1      | Reached XP level 2. HP: 9/26 MP: 2/2
   371 | D:1      | You fall through a shaft!
   390 | D:2      | Found a sparkling altar of Nemelex Xobeh.
   857 | D:2      | Reached XP level 3. HP: 29/33 MP: 3/3
  1660 | D:2      | Reached XP level 4. HP: 36/40 MP: 4/4
  2728 | D:4      | Reached XP level 5. HP: 32/46 MP: 5/5
  2989 | D:4      | Noticed a sky beast
  3013 | D:4      | Killed a sky beast
  3013 | D:4      | Reached skill level 1 in Stealth
  3013 | D:4      | Reached XP level 6. HP: 50/52 MP: 6/6
  3159 | D:4      | Found a staircase to the Ecumenical Temple.
  3235 | Temple   | Entered the Ecumenical Temple
  3344 | Temple   | Became a worshipper of the Shining One
  3447 | D:4      | Found a snail-covered altar of Cheibriados.
  3898 | D:5      | Entered Level 5 of the Dungeon
  3898 | D:5      | Noticed a hippogriff
  3907 | D:4      | Slain by a hippogriff

Skill      XL: |  1  2  3  4  5  6 |
---------------+-------------------+-----
Dodging        | 3 |  3.9
Long Blades    | 3 4 |  4.2
Shields        | 4 |  4.6
Fighting       | 4 |  4.5
Stealth        | 1 |  1.2

Action                   |  1- 3 |  4- 6 || total
-------------------------+-------+-------++-------
Melee: Long sword        |   100 |   140 ||   240
       Tailslap          |    12 |    23 ||    35
  Use: Scroll            |     3 |     8 ||    11
       Potion            |       |     2 ||     2
 Stab: Sleeping          |       |     1 ||     1
  Eat: Chunk             |     3 |     7 ||    10
Armor: Skin              |    42 |    45 ||    87
Dodge: Dodged            |    52 |    65 ||   117
Block: Shield            |    66 |    88 ||   154
       Rpst.: Long sword |    15 |    20 ||    35
